 Dungeon Crawl Stone Soup version 0.29.1-12-g30fa7ad0bf (webtiles) character file.

Game seed: 9099148355329837515

53 ThatPearl the Sneak (level 3, 0/18 HPs)
             Began as a Spriggan Enchanter on Jan 2, 2023.
             Killed by nerve-wracking pain
             ... invoked by Grinder
              (2 damage)
             ... on level 3 of the Dungeon.
             The game lasted 00:08:39 (2773 turns).

ThatPearl the Sneak (Spriggan Enchanter)            Turns: 2773, Time: 00:08:40

Health: 0/18       AC:  2    Str:  4    XL:     3   Next: 64%
Magic:  8/8        EV: 17    Int: 18    God:
Gold:   124        SH:  0    Dex: 15    Spells: 6/8 levels left

rFire   . . .      SeeInvis +   t - +5 spear "Hetoy" {vorpal, SInv Stlth+}
rCold   . . .      Faith    .   (no shield)
rNeg    . . .      Spirit   .   b - +0 robe
rPois   .          Reflect  .   (helmet restricted)
rElec   .          Harm     .   (no cloak)
rCorr   .          Rampage  .   (gloves unavailable)
Will    .....                   (boots unavailable)
Stlth   ++++......              m - amulet of the acrobat
HPRegen 0.06/turn               g - ring of wizardry
MPRegen 0.11/turn               (no ring)

@: very quick
A: very small, no large weapons, unfitting armour, see invisible, speed 3
a: no special abilities


You were on level 3 of the Dungeon.
You visited 1 branch of the dungeon, and saw 3 of its levels.

You collected 124 gold pieces.

Inventory:

Hand Weapons
 a - a +1 dagger
 t - the +5 spear "Hetoy" (weapon) {vorpal, SInv Stlth+}
   (You found it on level 2 of the Dungeon)

   It inflicts extra damage upon your enemies.
   SInv:      It lets you see invisible.
   Stlth:     It makes you more stealthy.
Missiles
 f - 39 stones (quivered)
Armour
 b - a +0 robe (worn)
Jewellery
 g - a ring of wizardry (left hand)
 m - an amulet of the acrobat (around neck)
 y - a +4 ring of evasion
Scrolls
 d - a scroll of teleportation {unknown}
 e - a scroll of enchant weapon {unknown}
 h - a scroll of silence {unknown}
 k - 3 scrolls of identify {unknown}
 o - 2 scrolls of amnesia {unknown}
 p - a scroll of butterflies {unknown}
 s - a scroll of summoning {unknown}
 w - a scroll of poison {unknown}
 x - a scroll of vulnerability {unknown}
 z - a scroll of blinking {unknown}
 A - a scroll of fear {unknown}
Potions
 c - 2 potions of invisibility
 i - a potion of lignification {unknown}
 j - 2 potions of magic {unknown}
 l - 4 potions of curing {unknown}
 n - a potion of cancellation {unknown}
 q - a potion of attraction {unknown}
 r - a potion of mutation {unknown}
 u - 2 potions of might {unknown}
 v - 2 potions of berserk rage {unknown}


   Skills:
 + Level 1.0 Fighting
 + Level 2.0 Short Blades
 - Level 2.6 Dodging
 + Level 5.1 Stealth
 + Level 3.3 Spellcasting
 + Level 4.1 Hexes


You had 6 spell levels left.
You knew the following spells:

 Your Spells              Type           Power      Damage    Failure   Level
b - Ensorcelled Hibernat  Hex/Ice        20%        N/A       4%          2

Your spell library contained the following spells:

 Spells                   Type           Power      Damage    Failure   Level
 Confusing Touch          Hex            17%        N/A       3%          3
 Tukima's Dance           Hex            17%        N/A       3%          3
 Apportation              Tloc           4%         N/A       6%          1
 Summon Small Mammal      Summ           8%         N/A       6%          1
 Dazzling Flash           Conj/Hex       20%        N/A       9%          3
 Summon Guardian Golem    Hex/Summ       10%        N/A       9%          3
 Call Canine Familiar     Summ           2%         N/A       19%         3
 Alistair's Intoxication  Tmut/Pois      1%         N/A       85%         5


Dungeon Overview and Level Annotations

Branches:
Dungeon (3/15)

Altars:

Shops:
D:2 :[

Annotations:
D:2 Robin
D:3 Grinder


Innate Abilities, Weirdness & Mutations

You are very small and have problems with some larger weapons.
You are too small for most types of armour.
You have supernaturally acute eyesight. (SInv)
You cover ground extremely quickly. (Speed+++)


Message History

l - 3 black potions (gained 1)
A - a scroll labelled KUQAF FUKOI
Found a whip.
l - 4 black potions (gained 1)
k - 3 scrolls labelled OPNUYQ KIFIYL (gained 1)
You see here a hobgoblin skeleton.
Partly explored, can't reach some places.
Press: ? - help, . - travel You can't see that place. [the floor.] Reduced exclusion size to a single square.
Removed exclusion.
Casting: Ensorcelled Hibernation (safe; 4% risk of failure)
Confirm with . or Enter, or press ? or * to list all spells.
You can't see any susceptible monsters within range! (Use Z to cast anyway.)
Casting: Ensorcelled Hibernation (safe; 4% risk of failure)
Confirm with . or Enter, or press ? or * to list all spells.
Okay, then.
Unknown command.
You hit Grinder.
Grinder is lightly wounded.
Grinder completely misses you.
You closely miss Grinder.
Grinder is lightly wounded.
Grinder hits you.
You writhe in agony.
You hit Grinder but do no damage.
Grinder is lightly wounded.
Grinder misses you.
You closely miss Grinder.
Grinder is lightly wounded.
Grinder hits you.
You writhe in agony.
* * * LOW HITPOINT WARNING * * *
You closely miss Grinder.
Grinder is lightly wounded.
Grinder misses you.
You closely miss Grinder.
Grinder is lightly wounded.
Grinder gestures at you. Pain shoots through your body!
You die...

....##.....#.........#...#.####.#
...........#.......###...#......#
.###.......#.......###...#.†#####
..##.......#............##..#
..##.......#............##..#
..##.......#................#
..##.......# #....#........##
..##.......###..5.#........#
..#####......#..@.###.#....#
......#..........####.#....#
......###.............#....#
......# #####.........#.##.#
.#....# #...........##.# .#....#
#.........#.##.# ......#
#....######.##.#
.....########....# #..#.##
.................######.....#


You could see Grinder.

Vanquished Creatures
  2 adders (D:2)
  5 endoplasms
  7 goblins
  2 hobgoblins
  5 kobolds
  A quokka (D:3)
  2 ball pythons (D:3)
  4 frilled lizards
  7 rats
35 creatures vanquished.

Vanquished Creatures (others)
  A fungus (D:1)
1 creature vanquished.

Grand Total: 36 creatures vanquished

Notes
Turn   | Place    | Note
-------+----------+-------------------------------------------
     0 | D:1      | ThatPearl the Spriggan Enchanter began the quest for the
                  | Orb.
     0 | D:1      | Reached XP level 1. HP: 9/9 MP: 5/5
   517 | D:1      | Reached XP level 2. HP: 6/13 MP: 6/6
   520 | D:1      | Learned a level 2 spell: Ensorcelled Hibernation
  1524 | D:1      | Found a faded altar of an unknown god.
  1613 | D:2      | Found Suqosygg's Book Emporium.
  1631 | D:2      | Noticed Robin
  1972 | D:2      | Found Zuolus's Antique Armour Shop.
  1981 | D:2      | Reached XP level 3. HP: 17/17 MP: 5/8
  2181 | D:2      | Identified the +5 spear "Hetoy" {vorpal, SInv Stlth+}
  2247 | D:3      | Reached skill level 5 in Stealth
  2401 | D:3      | Reached skill level 1 in Fighting
  2529 | D:3      | Noticed Grinder
  2773 | D:3      | Killed from afar by Grinder

Illustrated notes

Levels and vault maps discovered:
D:1:      minmay_arrival_wavy_path, layout_loops_corners,
          shapermc_ecumenical_altar_petra, grunt_decor_fettered
D:2:      layout_basic, serial_shops, nicolae_lakefront_shop,
          nicolae_shop_hallway_plus, uniq_robin
D:3:      layout_basic, uniq_grinder

Skill      XL: |  1  2  3 |
---------------+----------+-----
Spellcasting   | 3 |  3.3
Hexes          | 4 |  4.1
Stealth        | 5 |  5.1
Fighting       | 1 |  1.0
Short Blades   | 2 |  2.0
Dodging        | |  2.6

Action                   || total
-------------------------++-------
Melee: Dagger            ||    66
       Spear             ||    27
Throw: Stone             ||     1
 Cast: Ensorcelled Hiber ||     6
 Stab: Sleeping          ||    14
       Distracted        ||     1
Armor: Robe              ||     6
Dodge: Dodged            ||    46
